 Dungeon Crawl Stone Soup version 0.27.1-34-g3ba077fa99 (webtiles) character file.

Game seed: 5859059023793827213

9045 pkoi the Destroyer (level 11, -2/74 HPs)
             Began as a Black Draconian Conjurer on Jan 24, 2022.
             Was a Priest of Sif Muna.
             Slain by Fannar (5 damage)
             ... on level 11 of the Dungeon.
             The game lasted 00:21:10 (16876 turns).

pkoi the Destroyer (Black Draconian Conjurer)      Turns: 16876, Time: 00:21:11

Health: -2/74      AC:  8    Str: 10    XL:     11   Next: 17%
Magic:  6/30       EV: 12    Int: 25    God:    Sif Muna [***...]
Gold:   579        SH:  0    Dex: 10    Spells: 6/23 levels left

rFire    . . .     SeeInvis .   p - +4 whip of Youthful Indiscretion {vorpal, rC- rN+ Int+4}
rCold    . . .     Faith    .   (no shield)
rNeg     + . .     Spirit   .   (armour unavailable)
rPois    .         Reflect  .   (helmet restricted)
rElec    +         Harm     .   w - +0 cloak
rCorr    .         Rampage  .   (no gloves)
Will     .....                  (no boots)
Stlth    ++........             e - amulet of the acrobat
HPRegen  0.22/turn              q - ring of protection from cold
MPRegen  0.22/turn              d - ring of magical power

@: no status effects
A: breathe lightning, AC +7, unfitting armour, electricity resistance,
cold-blooded
a: Breathe Lightning, Renounce Religion, Channel Magic, Forget Spell


You were on level 11 of the Dungeon.
You worshipped Sif Muna.
Sif Muna was most pleased with you.
You visited 2 branches of the dungeon, and saw 12 of its levels.

You collected 579 gold pieces.

Inventory:

Hand Weapons
 a - a +0 club
 c - a +0 short sword
 p - the +4 whip of Youthful Indiscretion (weapon) {vorpal, rC- rN+ Int+4}
   (You found it on level 4 of the Dungeon)

   It inflicts extra damage upon your enemies.
   Int:       It affects your intelligence (+4).
   rC:        It makes you vulnerable to cold.
   rN:        It protects you from negative energy.
 s - a +1 short sword of speed
 y - a +0 short sword of venom
Armour
 w - a +0 cloak (worn)
 C - a +2 pair of boots
Jewellery
 d - a ring of magical power (right hand)
 e - an amulet of the acrobat (around neck)
 q - a ring of protection from cold (left hand)
 v - a +6 ring of dexterity
 A - a ring of magical power
Wands
 k - a wand of paralysis (6)
 l - a wand of flame (21)
 o - a wand of digging (5)
Scrolls
 g - 3 scrolls of enchant armour
 m - a scroll of acquirement
 n - a scroll of immolation
 t - 2 scrolls of teleportation
 x - 3 scrolls of identify
 B - a scroll of fog {unknown}
 D - a scroll of magic mapping {unknown}
Potions
 b - 2 potions of brilliance
 f - a potion of cancellation
 h - 3 potions of curing
 i - a potion of heal wounds
 j - 4 potions of flight
 r - a potion of might
 u - a potion of berserk rage
 z - a potion of invisibility {unknown}


   Skills:
 - Level 1.7 Dodging
 - Level 1.7 Stealth
 - Level 4.4 Unarmed Combat
 + Level 6.9 Spellcasting
 + Level 11.1 Conjurations
 - Level 7.1 Hexes
 + Level 3.3 Summonings
 + Level 6.6 Air Magic
 + Level 4.6 Invocations


You had 6 spell levels left.
You knew the following spells:

 Your Spells              Type           Power      Damage    Failure   Level
a - Magic Dart            Conj           100%       1d8       1%          1
b - Searing Ray           Conj           100%       3d7       1%          2
c - Dazzling Flash        Conj/Hex       100%       N/A       1%          3
d - Static Discharge      Conj/Air       52%        N/A       1%          2
e - Lightning Bolt        Conj/Air       26%        1d42      4%          5
f - Summon Lightning Spi  Summ/Air       33%        N/A       9%          4

Your spell library contained the following spells:

 Spells                   Type           Power      Damage    Failure   Level
 Tukima's Dance           Hex            44%        N/A       1%          3
 Fulminant Prism          Conj/Hex       26%        3d14      1%          4
 Corpse Rot               Necr/Air       N/A        N/A       2%          2
 Poisonous Vapours        Pois/Air       50%        N/A       2%          2
 Apportation              Tloc           16%        N/A       7%          1
 Iskenderun's Mystic Bla  Conj/Tloc      36%        2d9       7%          4
 Freezing Cloud           Conj/Ice/Air   19%        6-21      17%         5
 Yara's Violent Unravell  Hex/Tmut       13%        3d7       41%         5
 Invisibility             Hex            22%        N/A       50%         6
 Passage of Golubria      Tloc           N/A        N/A       56%         4
 Alistair's Intoxication  Tmut/Pois      5%         N/A       88%         5
 Storm Form               Tmut/Air       12%        N/A       100%        7
 Maxwell's Capacitive Co  Air            20%        ∞         100%        8


Dungeon Overview and Level Annotations

Branches:
Dungeon (11/15)            Temple (1/1) D:7
   Lair: D:8-11         Orc: D:9-12

Altars:
Ashenzari
Cheibriados
Dithmenos
Elyvilon
Fedhas
Gozag
Hepliaklqana
Kikubaaqudgha
Makhleb
Nemelex Xobeh
Okawaru
Qazlal
Ru
Sif Muna
Trog
Uskayaw
Vehumet
Wu Jian
Xom
Yredelemnul
Zin
The Shining One
Beogh
Lugonu

Shops:
D:10 *

Annotations:
D:11 Fannar


Innate Abilities, Weirdness & Mutations

You can breathe wild blasts of lightning.
Your glossy black scales are hard. (AC +7)
You cannot fit into any form of body armour.
You are resistant to electric shocks. (rElec)
You are cold-blooded and may be slowed by cold attacks.


Message History

Press: ? - help, Shift-Dir - straight line You hear a mighty clap of thunder!
The bolt of lightning misses the orc warrior.
The bolt of lightning hits the orc!
You kill the orc!
Sif Muna accepts your kill.
You hear an angry hiss.
The orc warrior hits you with a +0 short sword!
* * * LOW HITPOINT WARNING * * *
Unknown command.
Casting: Lightning Bolt (dangerous; 4% risk of failure)
Confirm with . or Enter, or press ? or * to list all spells.
You don't have enough magic to cast this spell.
Unknown command.
You hit the orc warrior.
You kill the orc warrior!
Sif Muna accepts your kill.
You hear the creaking of a very distant portcullis.
Your lightning spire disappears in a puff of smoke!
The orc wizard misses you.
Unknown command.
An orc comes into view. It is wielding a +0 club.
Casting: Lightning Bolt (dangerous; 4% risk of failure)
Confirm with . or Enter, or press ? or * to list all spells.
Okay, then.
Unknown command.
The orc wizard points at you and mumbles some strange words.
You easily resist.
Fannar the Cold-Hearted comes into view.
They are wielding a staff of cold and wearing a +2 robe of cold resistance.
Things that are here:
a +0 troll leather armour; a troll corpse Fannar shouts!
Fannar hits you with a staff of cold.
* * * LOW HITPOINT WARNING * * *
Fannar freezes you!
* * * LOW HITPOINT WARNING * * *
There is a stone staircase leading up here.
Unknown command.
Fannar hits you with a staff of cold.
You die... ### oo#

#)#
#.################
#.##.....o.oo..o.####
#.........######o##..
#####...#.# #.##.#
###.#.# #@##.# #.#.#
#e##.####### #.#.#
#.##..^....# #.#.#
#....#####.# #'#..
#......#.#.# .....
#....#...#.#
####.#.#.#.#.#
#........#.#.#
#.###.####.#.##


You could see Fannar, an orc wizard and an orc.

Vanquished Creatures
  A cyclops (D:10)
  2 vault sentinels (D:10)
  A troll (D:11)
  A hornet (D:9)
  2 wyverns (D:8)
  2 wraiths
  15 yaks
  5 vampire mosquitoes
  Menkaure (D:7)
  2 water moccasins (D:6)
  5 orc warriors
  An ice beast (D:7)
  3 ogres
  4 necrophages
  4 centaurs
  2 phantoms
  A kobold brigand (D:8)
  A bullfrog (D:7)
  A wyvern zombie (D:7)
  A scorpion (D:6)
  A water moccasin skeleton (D:4)
  9 killer bees (D:9)
  8 wights
  2 vampire bats (D:5)
  3 howler monkeys
  2 crimson imps
  A bullfrog zombie (D:6)
  A centaur zombie (D:7)
  4 hounds
  2 jellies
  The ghost of Ironcache the Sneak, a weakling SpEn of Ashenzari (D:3)
  5 orc priests
  A gnoll shaman (D:3)
  2 iguanas
  9 orc wizards
  2 killer bee zombies
  A hound skeleton (D:5)
  A mummy (D:6)
  A howler monkey zombie (D:6)
  3 gnolls
  A howler monkey skeleton (D:7)
  5 adders
  A shadow imp (D:7)
  2 white imps
  2 ufetubi
  An adder skeleton (D:4)
  A worm (D:2)
  2 dart slugs
  30 orcs
  8 ball pythons
  5 bats
  A bat skeleton (D:5)
  4 bat zombies (D:5)
  10 endoplasms
  6 giant cockroaches
  8 hobgoblins
  2 jackals (D:3)
  10 kobolds
  8 quokkas
  5 frilled lizards
  6 goblins
  8 rats
240 creatures vanquished.

Vanquished Creatures (others)
  45 fungi (D:11)
  31 plants (D:11)
76 creatures vanquished.

Grand Total: 316 creatures vanquished

Notes
Turn   | Place    | Note
-------+----------+-------------------------------------------
     0 | D:1      | pkoi the Draconian Conjurer began the quest for the Orb.
     0 | D:1      | Reached XP level 1. HP: 14/14 MP: 3/3
     1 | D:1      | Noticed a tentacled monstrosity
     3 | D:1      | Noticed an orb of fire
     7 | D:1      | Noticed a golden dragon
     8 | D:1      | Noticed a tentacled monstrosity
     9 | D:1      | Noticed a tentacled monstrosity
    11 | D:1      | Noticed an orb of fire
    13 | D:1      | Noticed a shadow dragon
    13 | D:1      | Noticed a green draconian
    15 | D:1      | Noticed a shadow dragon
    15 | D:1      | Noticed a tentacled monstrosity
    15 | D:1      | Noticed a shadow dragon
    17 | D:1      | Noticed an ice dragon
    19 | D:1      | Noticed an iron dragon
    21 | D:1      | Noticed an ice dragon
   290 | D:1      | Reached XP level 2. HP: 20/20 MP: 3/5
   997 | D:1      | Reached skill level 5 in Conjurations
  1069 | D:1      | Reached XP level 3. HP: 23/26 MP: 1/6
  1645 | D:1      | Learned a level 2 spell: Searing Ray
  2484 | D:2      | Reached XP level 4. HP: 33/33 MP: 3/7
  2698 | D:2      | Learned a level 3 spell: Dazzling Flash
  3325 | D:3      | Found a runed translucent gate.
  3326 | D:3      | Found a runed translucent gate.
  3327 | D:3      | Found a runed translucent gate.
  3627 | D:3      | Noticed Ironcache's ghost (weakling SpEn)
  3645 | D:3      | Reached skill level 1 in Hexes
  3668 | D:3      | Reached XP level 5. HP: 38/38 MP: 1/8
  3836 | D:3      | Identified the +11 scale mail of Dishonesty {rElec rC++
                  | Dex-5 SInv}
  3847 | D:3      | You fall into a shaft and drop 3 floors!
  3898 | D:6      | Noticed a phantom
  3905 | D:6      | Killed a phantom
  3906 | D:6      | Reached skill level 6 in Conjurations
  4157 | D:6      | Noticed an ogre
  4157 | D:6      | Noticed a water moccasin
  4164 | D:6      | Killed a water moccasin
  4165 | D:6      | Reached XP level 6. HP: 38/45 MP: 4/10
  4912 | D:6      | Reached skill level 7 in Conjurations
  4912 | D:6      | Your scales start taking on a glossy black colour.
  4912 | D:6      | Reached XP level 7. HP: 39/50 MP: 6/11
  4912 | D:6      | Gained mutation: You are resistant to electric shocks.
                  | (rElec) [Black Draconian growth]
  4992 | D:6      | You fall into a shaft and drop 2 floors!
  5402 | D:8      | Found a stormy altar of Qazlal.
  5404 | D:8      | Noticed an air elemental
  5404 | D:8      | Noticed a fire elemental
  5404 | D:8      | Noticed a water elemental
  5500 | D:8      | Found an opulent altar of Gozag.
  5514 | D:8      | Noticed a wyvern
  5530 | D:8      | Killed a wyvern
  5730 | D:7      | Noticed Menkaure
  5737 | D:7      | Killed Menkaure
  5929 | D:7      | Found a staircase to the Ecumenical Temple.
  5939 | Temple   | Entered the Ecumenical Temple
  5987 | Temple   | Became a worshipper of Sif Muna the Loreminder
  6012 | D:7      | Found an iron altar of Okawaru.
  6031 | D:7      | Reached XP level 8. HP: 49/57 MP: 5/13
  6345 | D:7      | Found a sparkling altar of Nemelex Xobeh.
  6346 | D:7      | Found a radiant altar of Vehumet.
  6347 | D:7      | Found a bloodstained altar of Trog.
  6361 | D:7      | Found a broken altar of Ashenzari.
  6455 | D:7      | Reached skill level 8 in Conjurations
  6643 | D:7      | Noticed a two-headed ogre
  6647 | D:7      | Reached skill level 5 in Hexes
  7100 | D:5      | Entered Level 5 of the Dungeon
  7103 | D:5      | Identified a scroll of acquirement
  7216 | D:5      | Reached skill level 9 in Conjurations
  7317 | D:5      | Reached XP level 9. HP: 47/61 MP: 4/16
  7482 | D:5      | Reached skill level 5 in Spellcasting
  7719 | D:5      | Paralysed by an orc for 6 turns
  7851 | D:5      | Found an ornate altar of the Wu Jian Council.
  8024 | D:5      | Reached * piety under Sif Muna
  8131 | D:5      | Found an ancient bone altar of Kikubaaqudgha.
  8163 | D:4      | Learned a level 2 spell: Static Discharge
  8238 | D:4      | Identified the +4 whip of Youthful Indiscretion {vorpal,
                  | rC- rN+ Int+4}
  9382 | D:3      | Killed Ironcache's ghost
  9598 | D:4      | Reached ** piety under Sif Muna
  9599 | D:4      | Reached skill level 1 in Unarmed Combat
  9727 | D:4      | Found a shimmering altar of Xom.
  9727 | D:4      | Found a burning altar of Makhleb.
 10173 | D:6      | Found a blossoming altar of Fedhas.
 10269 | D:6      | Found a snail-covered altar of Cheibriados.
 10942 | D:5      | Learned a level 5 spell: Lightning Bolt
 11292 | D:7      | Reached skill level 1 in Air Magic
 11746 | D:8      | Found a glowing silver altar of Zin.
 11900 | D:8      | Reached skill level 10 in Conjurations
 12011 | D:8      | Reached XP level 10. HP: 69/69 MP: 19/19
 12651 | D:9      | Reached skill level 1 in Invocations
 13083 | D:9      | Reached *** piety under Sif Muna
 13257 | D:9      | Found a glowing golden altar of the Shining One.
 13613 | D:10     | Entered Level 10 of the Dungeon
 13769 | D:10     | Learned a level 4 spell: Summon Lightning Spire
 13783 | D:9      | Reached skill level 5 in Air Magic
 13995 | D:10     | Noticed a vault sentinel
 13995 | D:10     | Noticed a vault sentinel
 14371 | D:10     | Found a shadowy altar of Dithmenos.
 14479 | D:10     | Found Sojovuockas's Elemental Accessories.
 14558 | D:10     | Reached skill level 1 in Summonings
 14881 | D:10     | Noticed a cyclops
 14889 | D:10     | Killed a cyclops
 15427 | D:10     | Reached XP level 11. HP: 68/74 MP: 15/20
 15595 | D:10     | Reached skill level 11 in Conjurations
 16573 | D:10     | Found the +18 shield of the Gong {rElec rN+ Will+ EV-5}
 16872 | D:11     | Noticed Fannar
 16875 | D:11     | HP: 3/74 [Fannar (17)]
 16876 | D:11     | Slain by Fannar

Illustrated notes

Levels and vault maps discovered:
D:1:      shiori_arrival_whats_in_store_for_you, layout_rooms, dk_noncrumbling_4
D:2:      layout_basic
D:3:      layout_basic, biasface_ghost_orc_armoury
D:4:      layout_loops_cross, grunt_temple_overflow_champion_of_chaos
D:5:      layout_cave_pools, pdpol_wu_jian_five_deadly_venoms,
          kennysheep_vampire_church, portal_sewer_entry_b
D:6:      layout_loops_corners, slow_altar_1, fedhas_altar_fruit_tree,
          kennysheep_diamond, chequers_serial_rivers_room_a,
          minmay_fire_ice_demons
D:7:      cheibrodos_barr_body, layout_basic,
          mainiacjoe_overflow_small_starburst, minitemple,
          minmay_temple_entry_drinking_statues, chequers_avenue, uniq_menkaure
D:8:      layout_basic, mainiacjoe_overflow_24_doors,
          mainiacjoe_overflow_cross_hatched, nicolae_qazlal_style_of_elements
D:9:      layout_rooms, tso_metal_star
D:10:     layout_stronghold, marbit_many_paths, nicolae_elemental_shop,
          hellmonk_guarded_unrand_gong
D:11:     layout_basic, due_lair_maze_entry_diamond, david_orc_4,
          enter_bailey_4, nicolae_shop_clearance, uniq_fannar
Temple:   corrupted_temple

Skill      XL: |  1  2  3  4  5  6  7  8  9 10 11 |
---------------+----------------------------------+-----
Conjurations   | 5 6 7 9 10 11 | 11.1
Hexes          | 1 2 3 4 6 7 |  7.1
Spellcasting   | 3 4 6 |  6.9
Unarmed Combat | 3 4 |  4.4
Air Magic      | 3 6 |  6.6
Invocations    | 4 |  4.6
Summonings     | 2 3 |  3.3
Dodging        | |  1.7
Stealth        | |  1.7

Action                   |  1- 3 |  4- 6 |  7- 9 | 10-12 || total
-------------------------+-------+-------+-------+-------++-------
Melee: Unarmed           |    24 |       |       |       ||    24
       Tailslap          |     8 |     2 |    12 |       ||    22
       Club              |    66 |    11 |     1 |       ||    78
       Short sword       |       |       |    20 |       ||    20
       Whip              |       |       |   114 |    12 ||   126
 Cast: Magic Dart        |    75 |    30 |    39 |     7 ||   151
       Searing Ray       |       |    14 |    53 |    33 ||   100
       Lightning Bolt    |       |       |       |    25 ||    25
       Summon Lightning  |       |       |       |     1 ||     1
 Abil: Breathe Lightning |       |       |     3 |     4 ||     7
  Use: Scroll            |       |       |    17 |     1 ||    18
       Potion            |       |       |       |     1 ||     1
 Stab: Sleeping          |       |     1 |     6 |       ||     7
Armor: Skin              |    51 |    10 |    57 |    30 ||   148
Dodge: Dodged            |    78 |    42 |   195 |   124 ||   439
